 Dungeon Crawl Stone Soup version 0.24-a0-335-g06ca16a (webtiles) character file.

Game seed: 14465555019051559163

434 Borgoz the Chopper (level 7, 60/60 HPs)
             Began as a Hill Orc Gladiator on May 18, 2019.
             Quit the game on level 5 of the Dungeon.
             The game lasted 00:05:43 (2954 turns).

Borgoz the Chopper (Hill Orc Gladiator)             Turns: 2954, Time: 00:05:44

Health: 60/60      AC: 13    Str: 17    XL:     7   Next: 0%
Magic:  7/7        EV:  8    Int:  8    God:
Gold:   63         SH:  0    Dex: 14    Spells: 6/6 levels left

rFire    + . .     SeeInvis .   a - +1 war axe
rCold    . . .     Gourm    .   (no shield)
rNeg     . . .     Faith    .   n - +0 chain mail
rPois    .         Spirit   .   c - +1 helmet
rElec    .         Reflect  .   d - scarf {repulsion}
rCorr    .         Harm     .   q - +0 pair of gloves
MR       .....     Rnd*Tele +   i - +0 pair of boots
Stlth    ..........             (no amulet)
HPRegen  0.20/turn              e - ring of teleportation (curse)
MPRegen  0.10/turn              o - ring of protection from fire

@: repel missiles
A: no striking features
a: no special abilities


You were on level 5 of the Dungeon.
You were hungry.

You visited 1 branch of the dungeon, and saw 5 of its levels.

You collected 147 gold pieces.
You spent 84 gold pieces at shops.

Inventory:

Hand Weapons
 a - a +1 war axe (weapon)
 b - a +0 morningstar of holy wrath
Missiles
 t - 2 throwing nets (quivered)
Armour
 c - a +1 helmet (worn)
 d - a scarf of repulsion (worn)
 i - a +0 pair of boots (worn)
 n - a +0 chain mail (worn)
 q - a +0 pair of gloves (worn)
Jewellery
 e - a cursed ring of teleportation (left hand)
 o - a ring of protection from fire (right hand)
Wands
 k - a wand of digging (7)
Scrolls
 h - a scroll of teleportation
 l - 2 scrolls of identify
 p - a scroll of blinking
Potions
 g - a potion of haste
 j - a potion of ambrosia
 m - a potion of agility
 s - a potion of resistance
Comestibles
 f - 7 rations


   Skills:
 + Level 4.4 Fighting
 * Level 7.0 Axes
 - Level 1.7 Throwing
 + Level 3.1 Armour
 + Level 3.5 Dodging


You had 6 spell levels left.
You didn't know any spells.
Your spell library contained the following spells:

 Spells                   Type           Power        Failure   Level  Hunger
 Animate Skeleton         Necr           N/A          100%        1    ##.....
 Pain                     Necr           #...         100%        1    ##.....
 Regeneration             Chrm/Necr      #.........   100%        3    ####...
 Vampiric Draining        Necr           #.........   100%        3    ####...
 Animate Dead             Necr           N/A          100%        4    #####..


Dungeon Overview and Level Annotations

Branches:
Dungeon (5/15)
 Temple: D:4-7

Altars:
Elyvilon
Fedhas
Sif Muna
Uskayaw

Shops:
D:5 *

Annotations:
D:3 Sigmund
D:4 Pikel


Message History

All of the chunks of flesh in your inventory have rotted away.
You hear the rapid hiss of a distant avalanche of sand.
The hiss of flowing sand is almost imperceptible now.
You see here a glowing dagger.
The walls and floor vibrate strangely for a moment.
Found 32 stones.
You see here 32 stones.
You see here 32 stones.
You are feeling hungry.
Unknown command.
There is an open door here.
k - a wand of digging (7)
l - 2 scrolls of identify (gained 1)
Found a great mace.
Sorry, you're not good enough to have a special ability.
Unknown command.
Are you sure you want to abandon this character and quit the game? (Confirm with "yes".)
Okay, then.
Unknown command.
Are you sure you want to abandon this character and quit the game? (Confirm with "yes".)

########## #....8...#
#........# ####..8...8.#
#...........#
#..@....8...# ###
##...........# #..
.......[......# ###..
................# #....
................# #....
###
...........#########....
..#
........................
..#
).......................
..#
.#####...............


There were no monsters in sight!

Vanquished Creatures
  An ogre (D:5)
  A centaur (D:5)
  A quasit (D:5)
  2 hounds
  2 orc priests (D:5)
  An orc wizard (D:5)
  A worker ant (D:5)
  2 adders (D:2)
  A worm (D:3)
  3 leopard geckos
  6 orcs (D:5)
  5 bats
  8 goblins
  3 hobgoblins (D:1)
  5 kobolds
  A quokka (D:2)
  4 ball pythons
  2 frilled lizards (D:1)
  6 rats
55 creatures vanquished.

Notes
Turn   | Place    | Note
-------+----------+-------------------------------------------
     0 | D:1      | Borgoz the Hill Orc Gladiator began the quest for the Orb.
     0 | D:1      | Reached XP level 1. HP: 18/18 MP: 1/1
   132 | D:1      | Reached XP level 2. HP: 25/25 MP: 2/2
   741 | D:1      | Reached skill level 1 in Armour
   813 | D:1      | Reached XP level 3. HP: 22/30 MP: 3/3
  1474 | D:2      | Reached skill level 5 in Axes
  1746 | D:2      | Reached XP level 4. HP: 38/38 MP: 4/4
  2007 | D:3      | Noticed Sigmund
  2273 | D:4      | Noticed Pikel
  2273 | D:4      | Noticed a slave
  2274 | D:4      | Noticed a slave
  2284 | D:5      | Entered Level 5 of the Dungeon
  2297 | D:5      | Noticed an ogre
  2309 | D:5      | Killed an ogre
  2309 | D:5      | Reached XP level 5. HP: 18/46 MP: 5/5
  2317 | D:5      | Found Tadgh's General Store.
  2354 | D:5      | Reached skill level 6 in Axes
  2395 | D:5      | Bought a scroll of identify for 24 gold pieces
  2395 | D:5      | Bought a potion of heal wounds for 60 gold pieces
  2483 | D:5      | Found a deep blue altar of Sif Muna.
  2486 | D:5      | Found a hide-covered altar of Uskayaw.
  2487 | D:5      | Found a white marble altar of Elyvilon.
  2487 | D:5      | Found a blossoming altar of Fedhas.
  2526 | D:5      | Reached XP level 6. HP: 36/52 MP: 6/6
  2593 | D:5      | Reached skill level 7 in Axes
  2593 | D:5      | Reached XP level 7. HP: 25/60 MP: 7/7
  2954 | D:5      | Quit the game

Levels and vault maps discovered:
D:1:      giann_wishing_wells, layout_basic, minmay_box_of_dots
D:2:      layout_loops_cross, minmay_misc_feat_rows
D:3:      layout_rooms, amethyst_overflow_temple_binary, columned_hall_lemuel,
          uniq_sigmund
D:4:      layout_basic, xom_butterflies, serial_bayou_lake_a, uniq_ijyb,
          uniq_pikel
D:5:      layout_basic, chequers_temple_overflow_statue_of_worship,
          first_ration, nicolae_ossuary_entry_monument, serial_shops, shop

Skill      XL: |  1  2  3  4  5  6 |
---------------+-------------------+-----
Armour         | 1 2 3 |  3.1
Fighting       | 3 4 |  4.4
Axes           | 5 6 7 |  7.0
Dodging        | 3 |  3.5
Throwing       | |  1.7

Action                   |  1- 3 |  4- 6 |  7- 9 || total
-------------------------+-------+-------+-------++-------
Melee: War axe           |   100 |   108 |       ||   208
Throw: Throwing net      |       |     8 |       ||     8
  Use: Scroll            |       |    10 |       ||    10
       Potion            |       |     6 |       ||     6
 Stab: Invisible         |       |     3 |       ||     3
  Eat: Chunk             |     3 |     2 |     1 ||     6
Armor: Leather armour    |    38 |    47 |       ||    85
       Chain mail        |       |    29 |       ||    29
Dodge: Dodged            |    80 |   126 |       ||   206
       Deflected         |       |     1 |       ||     1

Table legend:
 A = Non-vault XP
 B = Vault XP
 C = Vault XP percentage of total XP
 D = Non-vault monster count
 E = Vault monster count
 F = Vault count percentage of total count
                 A         B        C        D         E       F
            +---------+---------+-------+---------+---------+-------
      Total |     615 |       5 |   0.8 |      52 |       3 |   5.5
            +---------+---------+-------+---------+---------+-------
        D:1 |      38 |       5 |  11.6 |      22 |       3 |  12.0
        D:2 |      39 |       0 |   0.0 |      10 |       0 |   0.0
        D:3 |       8 |       0 |   0.0 |       4 |       0 |   0.0
        D:4 |      45 |       0 |   0.0 |       1 |       0 |   0.0
        D:5 |     485 |       0 |   0.0 |      15 |       0 |   0.0
            +---------+---------+-------+---------+---------+-------
